 Dungeon Crawl Stone Soup version 0.23-a0-171-g5ae17c6e89 (webtiles) character file.

15506 syranez the Thaumaturge (level 12, -6/59 HPs)
             Began as a Deep Elf Earth Elementalist on Sept 14, 2018.
             Was a Priest of Vehumet.
             Splashed by an acid dragon's acid (15 damage)
             ... on level 12 of the Dungeon.
             The game lasted 00:42:58 (17500 turns).

syranez the Thaumaturge (DEEE)                     Turns: 17500, Time: 00:42:59

Health: -6/59      AC: 11    Str:  5    XL:     12   Next: 1%
Magic:  7/31       EV: 12    Int: 29    God:    Vehumet [***...]
Gold:   492        SH:  0    Dex: 15    Spells: 4/37 levels left

rFire    . . .     SeeInvis .   O - staff of earth
rCold    . . .     Gourm    .   (no shield)
rNeg     + . .     Faith    .   H - +2 leather armour {rN+}
rPois    .         Spirit   .   (no helmet)
rElec    .         Reflect  .   u - +2 cloak {MR+}
rCorr    .         Harm     .   S - +1 pair of gloves
MR       ++...                  I - +0 pair of boots
Stlth    +++.......             (no amulet)
HPRegen  0.19/turn              C - +3 ring of intelligence
MPRegen  0.22/turn              E - ring of wizardry

@: no status effects
A: no striking features
a: Renounce Religion


You were on level 12 of the Dungeon.
You worshipped Vehumet.
Vehumet was most pleased with you.
You were hungry.

You visited 2 branches of the dungeon, and saw 13 of its levels.

You collected 492 gold pieces.

Inventory:

Hand Weapons
 f - a +0 dagger
 r - a +0 blowgun
 v - a +3 quarterstaff of chaos
 K - the +7 hunting sling "Jellyslayer" {flame, *Corrode rPois rN+ SInv}
   (You found it on level 7 of the Dungeon)

   It causes projectiles fired from it to burn those they strike, causing extra
   injury to most foes and up to half again as much damage against particularly
   susceptible opponents.
   It protects you from poison.
   It protects you from negative energy.
   It lets you see invisible.
   It may corrode you when you take damage.
 L - a +0 scimitar of flaming
 R - a +2 morningstar of freezing
Missiles
 b - 293 stones (quivered)
 g - 80 poisoned needles
 i - 8 needles of paralysis
 k - 362 arrows
 J - 3 throwing nets
 M - 29 sling bullets
 P - 3 curare-tipped needles
 Q - 9 tomahawks
Armour
 u - a +2 cloak of magic resistance (worn)
 H - a +2 leather armour of positive energy (worn)
 I - a +0 pair of boots (worn)
 S - a +1 pair of gloves (worn)
Magical Staves
 O - an uncursed staff of earth (weapon)
Jewellery
 C - a +3 ring of intelligence (left hand)
 E - a ring of wizardry (right hand)
Wands
 m - a wand of disintegration (10)
 z - a wand of digging (7)
 D - a wand of acid (19)
Scrolls
 a - a scroll of blinking {unknown}
 j - 5 scrolls of teleportation
 l - 2 scrolls of enchant armour
 p - 2 scrolls of noise {unknown}
 w - 3 scrolls of acquirement {unknown}
 y - a scroll of enchant weapon
 A - 7 scrolls of remove curse
 B - 3 scrolls of amnesia {unknown}
 F - a scroll of silence
 G - a scroll of immolation
 N - a scroll of torment
Potions
 c - a potion of mutation
 e - 2 potions of berserk rage
 h - a potion of ambrosia
 n - a potion of cancellation
 o - a potion of agility
 q - 3 potions of flight
 s - 2 potions of lignification
 t - a potion of curing
 x - a potion of haste
 T - a potion of might
 U - a potion of resistance
 V - a potion of brilliance
Comestibles
 d - 22 rations


   Skills:
 - Level 5.0 Slings
 - Level 3.0 Dodging
 - Level 6.0 Stealth
 + Level 13.2 Spellcasting
 + Level 10.9 Conjurations
 - Level 3.1 Hexes
 - Level 1.1 Transmutations
 + Level 3.1 Fire Magic
 + Level 11.6 Earth Magic


You had 4 spell levels left.
You knew the following spells:

 Your Spells              Type           Power        Failure   Level  Hunger
a - Sandblast             Erth           ######       1%          1    None
b - Stone Arrow           Conj/Erth      ######       1%          3    None
c - Lee's Rapid Deconstr  Erth           #######...   1%          5    #......
d - Petrify               Tmut/Erth      ######..     1%          4    None
e - Tukima's Dance        Hex            #####...     1%          3    None
f - Dazzling Spray        Conj/Hex       ######       1%          3    None
g - Mephitic Cloud        Conj/Pois/Air  #####...     1%          3    None
h - Fireball              Conj/Fire      ######....   1%          5    #......
i - Airstrike             Air            ###.......   5%          4    None
j - Passwall              Tmut/Erth      ######..     1%          2    None

Your spell library contained the following spells:

 Spells                   Type           Power        Failure   Level  Hunger
 Corona                   Hex            #####..      1%          1    None
 Shock                    Conj/Air       ####         1%          1    None
 Ensorcelled Hibernation  Hex/Ice        ####..       1%          2    None
 Confuse                  Hex            #####...     1%          3    None
 Ignite Poison            Fire/Tmut/Pois ####....     1%          3    None
 Static Discharge         Conj/Air       ######..     1%          3    None
 Swiftness                Chrm/Air       ###.....     2%          2    None
 Lightning Bolt           Conj/Air       ######....   1%          5    #......
 Bolt of Fire             Conj/Fire      ######....   4%          6    ####...
 Ignition                 Fire           #####.....   99%         8    #######
 Ring of Flames           Chrm/Fire      ####......   100%        7    ######.


Dungeon Overview and Level Annotations

Branches:
Dungeon (12/15)            Temple (1/1) D:6            Lair (0/6) D:11
    Orc (0/2) D:11

Altars:
Ashenzari
Cheibriados
Dithmenos
Elyvilon
Fedhas
Gozag
Hepliaklqana
Kikubaaqudgha
Makhleb
Nemelex Xobeh
Okawaru
Qazlal
Ru
Sif Muna
Trog
Uskayaw
Vehumet
Wu Jian
Xom
Yredelemnul
Zin
The Shining One

Shops:
D:7 [

Annotations:
D:11 exclusion: 2 oklob plants


Message History

Aiming: Stone Arrow (safe; 1% risk of failure)
Press: ? - help, Shift-Dir - straight line You feel a surge of power!
The stone arrow hits the ogre mage.
You kill the ogre mage!
Vehumet accepts your kill.
Your Fire Magic skill increases to level 3!
You have reached level 12!
Your experience leads to an increase in your attributes!
Your base attributes are Str 5, Int 24, Dex 15.
Increase (S)trength, (I)ntelligence, or (D)exterity?
You feel clever. x2
An acid dragon comes into view.
Items here: ) [ ††† a club; a glowing robe; an ogre corpse; a hydra corpse; a bullfrog corpse You butcher the ogre corpse.
The acid dragon spits acid at you. The splash of acid hits you!
* * * LOW HITPOINT WARNING * * *
You are splashed with acid!
The acid burns!
You die...

$$# #. #...# #### O'##.
#...# #...
#...########## ..$
#..>.........#
##'###.#########.##
#.#.##.# #.....
#D#.#.#######.#.##
#.#.#.........#.#
#@#.#..########.##
#.#)#..# #...
################'###..#
####
......................#
####.################.#
#....).............#
##################.#
#.###########
#...........#


You could see an acid dragon.

Vanquished Creatures
  An ogre mage (D:12)
  3 two-headed ogres
  A hydra (D:12)
  Erica (D:8)
  An ugly thing (D:11)
  A deep elf mage (D:12)
  A cyclops (D:10)
  A centaur zombie (D:11)
  A kobold demonologist (D:11)
  3 trolls
  Prince Ribbit (D:6)
  3 hippogriffs
  A wraith (D:12)
  4 hogs (D:7)
  Sigmund (D:2)
  A human (D:7)
  A wyvern (D:8)
  5 yaks (D:11)
  2 hungry ghosts
  A meliai simulacrum (D:10)
  3 black bears
  3 phantoms
  2 orc warriors
  5 sky beasts
  3 ice beasts
  A necrophage (D:10)
  2 eyes of draining
  5 ogres
  12 centaurs
  A crocodile (D:10)
  10 bullfrogs
  A gnoll sergeant (D:10)
  A water moccasin zombie (D:5)
  3 scorpions
  3 killer bees
  3 wights (D:11)
  A howler monkey (D:10)
  7 crimson imps
  7 hounds
  A quasit (D:9)
  2 bullfrog zombies
  5 orc wizards
  6 orc priests
  3 bullfrog skeletons
  6 jellies
  Crazy Yiuf (D:2)
  Jessica (D:2)
  Terence (D:2)
  2 iguanas
  8 worker ants
  2 hound skeletons
  2 howler monkey zombies
  8 gnolls (D:10)
  17 adders
  5 shadow imps
  11 oozes
  2 adder skeletons
  4 worms
  6 dart slugs
  5 leopard geckos
  25 orcs
  2 ball pythons
  9 bats
  13 giant cockroaches
  8 hobgoblins
  6 jackals
  5 quokkas
  5 frilled lizards
  4 goblins (D:1)
  16 kobolds
  10 rats
308 creatures vanquished.

Vanquished Creatures (others)
  A centaur zombie (D:12)
  A centaur simulacrum (D:12)
  A dancing weapon (D:6)
  A fungus (D:4)
  5 toadstools (D:4)
9 creatures vanquished.

Grand Total: 317 creatures vanquished

Notes
Turn   | Place    | Note
-------+----------+-------------------------------------------
     0 | D:1      | syranez the Deep Elf Earth Elementalist began the quest for
                  | the Orb.
     0 | D:1      | Reached XP level 1. HP: 10/10 MP: 6/6
   223 | D:1      | Reached XP level 2. HP: 4/15 MP: 4/8
   656 | D:1      | Reached skill level 3 in Stealth
   748 | D:1      | Reached skill level 3 in Dodging
   860 | D:1      | Reached XP level 3. HP: 19/19 MP: 6/10
  1889 | D:2      | Noticed Terence
  1901 | D:2      | Killed Terence
  1901 | D:2      | Reached skill level 4 in Spellcasting
  1901 | D:2      | Reached skill level 4 in Earth Magic
  1901 | D:2      | Reached XP level 4. HP: 17/24 MP: 8/12
  2243 | D:2      | Learned a level 3 spell: Stone Arrow
  2330 | D:2      | Reached skill level 4 in Stealth
  2366 | D:2      | Noticed Jessica
  2460 | D:2      | Found a runed door.
  2507 | D:2      | Noticed Sigmund
  2549 | D:2      | Killed Sigmund
  2549 | D:2      | Reached skill level 5 in Spellcasting
  2549 | D:2      | Reached skill level 1 in Conjurations
  2549 | D:2      | Reached XP level 5. HP: 22/28 MP: 9/14
  2553 | D:2      | Reached skill level 2 in Conjurations
  2777 | D:2      | Killed Jessica
  2777 | D:2      | Reached XP level 6. HP: 32/32 MP: 12/15
  2820 | D:2      | Noticed Crazy Yiuf
  2825 | D:2      | Killed Crazy Yiuf
  3267 | D:3      | Reached skill level 5 in Stealth
  3454 | D:3      | Found a hide-covered altar of Uskayaw.
  3627 | D:3      | Reached skill level 5 in Earth Magic
  4579 | D:4      | Reached skill level 3 in Conjurations
  4579 | D:4      | Reached XP level 7. HP: 36/36 MP: 7/17
  4883 | D:4      | Reached skill level 6 in Spellcasting
  5036 | D:4      | Reached skill level 6 in Stealth
  5368 | D:4      | Found a shadowy altar of Dithmenos.
  5844 | D:4      | Reached skill level 4 in Conjurations
  6299 | D:4      | Found a shadowy altar of Dithmenos.
  6529 | D:5      | Entered Level 5 of the Dungeon
  6530 | D:5      | Reached skill level 6 in Earth Magic
  6540 | D:5      | Learned a level 5 spell: Lee's Rapid Deconstruction
  6545 | D:5      | Learned a level 4 spell: Petrify
  6683 | D:5      | Found an ancient bone altar of Kikubaaqudgha.
  6683 | D:5      | Found a sacrificial altar of Ru.
  6684 | D:5      | Found a sparkling altar of Nemelex Xobeh.
  6848 | D:5      | Reached skill level 7 in Spellcasting
  6848 | D:5      | Reached XP level 8. HP: 41/41 MP: 13/20
  7923 | D:5      | Reached skill level 5 in Conjurations
  8111 | D:6      | Learned a level 3 spell: Tukima's Dance
  8115 | D:6      | Learned a level 3 spell: Dazzling Spray
  8246 | D:6      | Reached skill level 1 in Hexes
  8493 | D:6      | Reached skill level 8 in Spellcasting
  8493 | D:6      | Reached skill level 2 in Hexes
  8493 | D:6      | Reached skill level 7 in Earth Magic
  8797 | D:6      | Reached skill level 3 in Hexes
  8799 | D:6      | Reached skill level 6 in Conjurations
  9138 | D:6      | Reached XP level 9. HP: 45/45 MP: 16/23
  9194 | D:6      | Found a staircase to the Ecumenical Temple.
  9207 | Temple   | Entered the Ecumenical Temple
  9288 | Temple   | Became a worshipper of Vehumet
  9333 | D:6      | Noticed Prince Ribbit
  9341 | D:6      | Killed Prince Ribbit
  9676 | D:6      | Found a shimmering altar of Xom.
  9968 | D:7      | Reached skill level 9 in Spellcasting
 10149 | D:7      | Found Usisedac's Armour Shoppe.
 10288 | D:7      | Reached skill level 8 in Earth Magic
 10292 | D:7      | Got a brightly glowing hunting sling
 10296 | D:7      | Identified the +7 hunting sling "Jellyslayer" {flame,
                  | *Corrode rPois rN+ SInv} (You found it on level 7 of the
                  | Dungeon)
 10404 | D:7      | Reached skill level 7 in Conjurations
 10631 | D:7      | Reached skill level 10 in Spellcasting
 11160 | D:8      | Reached skill level 9 in Earth Magic
 11250 | D:8      | Noticed Erica
 11356 | D:8      | Reached skill level 8 in Conjurations
 11499 | D:8      | Killed Erica
 11499 | D:8      | Reached skill level 1 in Slings
 11499 | D:8      | Reached XP level 10. HP: 50/50 MP: 8/26
 11708 | D:8      | Noticed a centaur warrior
 11709 | D:8      | Noticed a manticore
 11710 | D:8      | Noticed a two-headed ogre
 11866 | D:8      | Found a white marble altar of Elyvilon.
 12015 | D:8      | Noticed a cyclops
 12171 | D:9      | Found an opulent altar of Gozag.
 12199 | D:9      | Reached * piety under Vehumet
 12199 | D:9      | Offered knowledge of Sting by Vehumet.
 12273 | D:9      | Reached skill level 2 in Slings
 12453 | D:9      | Reached skill level 11 in Spellcasting
 12776 | D:9      | Found a sparkling altar of Nemelex Xobeh.
 12859 | D:10     | Entered Level 10 of the Dungeon
 13198 | D:10     | Reached skill level 9 in Conjurations
 13357 | D:10     | Noticed a two-headed ogre
 13362 | D:10     | Killed a two-headed ogre
 13362 | D:10     | Reached skill level 3 in Slings
 13362 | D:10     | Reached skill level 10 in Earth Magic
 13459 | D:10     | Noticed a cyclops
 13462 | D:10     | Killed a cyclops
 14171 | D:11     | Found a staircase to the Orcish Mines.
 14221 | D:11     | Noticed a red ugly thing
 14227 | D:11     | Killed a red ugly thing
 14227 | D:11     | Reached XP level 11. HP: 54/54 MP: 16/28
 14525 | D:11     | Reached skill level 12 in Spellcasting
 14617 | D:11     | Offered knowledge of Throw Frost by Vehumet.
 14642 | D:11     | Reached ** piety under Vehumet
 14642 | D:11     | Reached skill level 4 in Slings
 14935 | D:11     | Reached skill level 10 in Conjurations
 15033 | D:11     | Noticed an oklob plant
 15372 | D:11     | Noticed an oklob plant
 15375 | D:11     | Found a staircase to the Lair.
 15734 | D:11     | Offered knowledge of Mephitic Cloud by Vehumet.
 15742 | D:11     | Learned a level 3 spell: Mephitic Cloud
 15857 | D:11     | Noticed a two-headed ogre
 15859 | D:11     | Killed a two-headed ogre
 15859 | D:11     | Reached skill level 11 in Earth Magic
 16074 | D:11     | Noticed a two-headed ogre
 16076 | D:11     | Killed a two-headed ogre
 16083 | D:11     | Reached skill level 5 in Slings
 16324 | D:11     | Learned a level 5 spell: Fireball
 16696 | D:12     | Reached skill level 1 in Fire Magic
 16761 | D:12     | Noticed a deep elf mage
 16763 | D:12     | Reached *** piety under Vehumet
 16767 | D:12     | Killed a deep elf mage
 16767 | D:12     | Reached skill level 13 in Spellcasting
 16767 | D:12     | Reached skill level 2 in Fire Magic
 16964 | D:12     | Learned a level 4 spell: Airstrike
 16967 | D:12     | Learned a level 2 spell: Passwall
 17481 | D:12     | Noticed a seven-headed hydra
 17481 | D:12     | Noticed an ogre mage
 17491 | D:12     | Killed a seven-headed hydra
 17498 | D:12     | Killed an ogre mage
 17498 | D:12     | Reached skill level 3 in Fire Magic
 17498 | D:12     | Reached XP level 12. HP: 17/59 MP: 6/31
 17500 | D:12     | Splashed by an acid dragon's acid

Vault maps used:
D:1:      minmay_arrival_three_doors
D:2:      due_unseen_surprise, uniq_sigmund, uniq_jessica,
          uniq_crazy_yiuf_cottage, uniq_terence
D:3:      nicolae_overflow_hidden_temple
D:4:      cheibrodos_fertilizer, nicolae_dithmenos_through_a_glass_darkly,
          cheibrodos_sewer_entry_bend, nicolae_ossuary_entry_ruins, st_stairs_12
D:5:      gammafunk_temple_overflow_forgotten, first_ration
D:6:      temple_hall, basic_altar, kennysheep_another_room, uniq_prince_ribbit1
D:7:      serial_shops, shop, minivault_25, grunt_livestock
D:8:      kennysheep_little_box, minivault_12, uniq_erica
D:9:      basic_altar, nemelex_spade_bored_becter
D:11:     dpeg_oklobed_lair
D:12:     minmay_the_grid_square_5x5_5x5
Temple:   regret_index_temple_sphere_string

Skill      XL: |  1  2  3  4  5  6  7  8  9 10 11 |
---------------+----------------------------------+-----
Stealth        | 3 4 5 6 |  6.0
Dodging        | 3 |  3.0
Spellcasting   | 4 5 7 8 10 11 13 | 13.2
Earth Magic    | 4 5 6 7 9 10 11 | 11.6
Conjurations   | 1 2 3 4 6 8 9 10 | 10.9
Hexes          | 3 |  3.1
Slings         | 1 3 5 |  5.0
Fire Magic     | 3 |  3.1
Transmutations | |  1.1

Action                   |  1- 3 |  4- 6 |  7- 9 | 10-12 || total
-------------------------+-------+-------+-------+-------++-------
Melee: Club              |    16 |       |       |       ||    16
       Morningstar       |       |       |       |     3 ||     3
 Fire: Hunting sling     |    19 |    58 |   142 |    38 ||   257
Throw: Stone             |     3 |       |       |    21 ||    24
 Cast: Sandblast         |    58 |    29 |     4 |     3 ||    94
       Stone Arrow       |       |    28 |   165 |   137 ||   330
       Tukima's Dance    |       |       |     2 |       ||     2
       Lee's Rapid Decon |       |       |       |    51 ||    51
Evoke: Wand              |       |       |       |     3 ||     3
  Use: Scroll            |       |    13 |     5 |     6 ||    24
       Potion            |       |     1 |     3 |     3 ||     7
 Stab: Sleeping          |     3 |       |       |       ||     3
  Eat: Chunk             |     3 |     8 |    10 |    10 ||    31
       Ration            |       |       |     4 |     3 ||     7
Armor: Robe              |    18 |     2 |     3 |       ||    23
       Leather armour    |       |       |    24 |    17 ||    41
Dodge: Dodged            |    31 |    15 |    37 |    27 ||   110

Table legend:
 A = Non-vault XP
 B = Vault XP
 C = Vault XP percentage of total XP
 D = Non-vault monster count
 E = Vault monster count
 F = Vault count percentage of total count
                 A         B        C        D         E       F
            +---------+---------+-------+---------+---------+-------
      Total |   17329 |    4823 |  21.8 |     273 |      35 |  11.4
            +---------+---------+-------+---------+---------+-------
        D:1 |      73 |       0 |   0.0 |      34 |       0 |   0.0
        D:2 |      56 |     320 |  85.1 |      23 |       4 |  14.8
        D:3 |     199 |       0 |   0.0 |      32 |       0 |   0.0
        D:4 |     389 |     198 |  33.7 |      11 |      20 |  64.5
        D:5 |     535 |       0 |   0.0 |      19 |       0 |   0.0
        D:6 |    1067 |     277 |  20.6 |      19 |       1 |   5.0
        D:7 |     486 |    1009 |  67.5 |      13 |       5 |  27.8
        D:8 |    1188 |     923 |  43.7 |      17 |       1 |   5.6
        D:9 |     617 |       0 |   0.0 |       8 |       0 |   0.0
       D:10 |    3007 |       0 |   0.0 |      27 |       0 |   0.0
       D:11 |    7284 |       0 |   0.0 |      48 |       0 |   0.0
       D:12 |    2428 |    2096 |  46.3 |      22 |       4 |  15.4
            +---------+---------+-------+---------+---------+-------
